 Dungeon Crawl Stone Soup version 0.31-a0-532-g28f74ba3e5 (webtiles) character file.

Game seed: 12474810475425815299

11594 pokeman the Eclecticist (level 11, -6/64 HPs)
             Began as a Deep Elf Hedge Wizard on Aug 12, 2023.
             Was a Believer of Vehumet.
             Mangled by Psyche
             ... wielding a +2 dagger of distortion
              (14 damage)
             ... on level 11 of the Dungeon.
             The game lasted 00:33:43 (14300 turns).

pokeman the Eclecticist (Deep Elf Hedge Wizard)    Turns: 14300, Time: 00:33:44

Health: -6/64      AC: 13    Str:  7    XL:     11   Next: 51%
Magic:  12/33      EV: 12    Int: 24    God:    Vehumet [**....]
Gold:   455        SH:  0    Dex: 14    Spells: 35/43 levels left

rFire   . . .        n - +1 flail (venom)
rCold   . . .        (no shield)
rNeg    + . .        H - +1 leather armour {rN+}
rPois   .            k - +2 hat
rElec   .            (no cloak)
rCorr   .            u - +0 pair of gloves
SInv    .            q - +0 pair of boots
Will    ++...        (no amulet)
Stlth   ++           m - ring of willpower
HPRegen 0.30/turn    A - +4 ring of protection
MPRegen 0.23/turn

%: no passive effects
@: studying Polearms
A: no striking features
a: Renounce Religion


You were on level 11 of the Dungeon.
You worshipped Vehumet.
Vehumet was pleased with you.
You visited 2 branches of the dungeon, and saw 12 of its levels.
You also visited: Bailey.

You collected 587 gold pieces.
You spent 132 gold pieces at shops.

Inventory:

Hand Weapons
 l - the +4 dagger of the Heavens {heavy, rElec rC- rCorr Int+2}
   (You found it on level 11 of the Dungeon)

   Int+2:     It affects your intelligence (+2).
   rC-:       It makes you vulnerable to cold.
   rElec:     It insulates you from electricity.
   rCorr:     It protects you from acid and corrosion.
 n - a +1 flail of venom (weapon)
 w - the +5 hand axe "Ox" {flame, rCorr}
   (You found it on level 7 of the Dungeon)

   rCorr:     It protects you from acid and corrosion.
 K - the +5 quarterstaff of the Muttering Seeker {distort, rN+ Int+3}
   (You found it on level 9 of the Dungeon)

   Int+3:     It affects your intelligence (+3).
   rN+:       It protects you from negative energy.
Missiles
 L - 6 curare-tipped darts
Armour
 b - +0 acid dragon scales
 k - a +2 hat (worn)
 q - a +0 pair of boots (worn)
 u - a +0 pair of gloves (worn)
 H - a +1 leather armour of positive energy (worn)
 I - an orb of energy
Jewellery
 m - a ring of willpower (left hand)
 o - an amulet of guardian spirit
 A - a +4 ring of protection (right hand)
Scrolls
 c - 4 scrolls of teleportation {unknown}
 f - a scroll of silence {unknown}
 i - 2 scrolls of immolation
 j - 2 scrolls of noise {unknown}
 r - 2 scrolls of fog {unknown}
 s - 5 scrolls of identify {unknown}
 x - 2 scrolls of butterflies {unknown}
 y - 2 scrolls of blinking {unknown}
 z - a scroll of fear {unknown}
 B - a scroll of enchant armour {unknown}
 C - 2 scrolls of poison {unknown}
 D - 2 scrolls of vulnerability {unknown}
 J - a scroll of torment {unknown}
 M - 2 scrolls of amnesia {unknown}
Potions
 a - 5 potions of curing {unknown}
 d - 2 potions of magic
 e - 4 potions of might {unknown}
 g - 3 potions of attraction {unknown}
 h - 6 potions of mutation {unknown}
 p - 2 potions of ambrosia {unknown}
 t - 2 potions of haste {unknown}
 v - 3 potions of heal wounds {unknown}
 E - a potion of degeneration {unknown}
 F - a potion of lignification {unknown}
 G - a potion of enlightenment {unknown}


   Skills:
 + Level 5.4 Fighting
 - Level 5.0 Armour
 - Level 3.0 Dodging
 - Level 3.0 Stealth
 * Level 16.9 Spellcasting
 + Level 10.0 Conjurations
 - Level 1.1 Summonings
 - Level 1.1 Translocations
 - Level 1.0 Air Magic
 - Level 1.0 Poison Magic
 - Level 1.0 Evocations


You had 35 spell levels left.
You knew the following spells:

 Your Spells              Type           Power      Damage    Failure   Level
a - Magic Dart            Conj           100%       1d8       1%          1
b - Mephitic Cloud        Conj/Pois/Air  39%        N/A       1%          3
c - Call Imp              Summ           50%        N/A       3%          2
d - Blink                 Tloc           50%        N/A       3%          2

Your spell library contained the following spells:

 Spells                   Type           Power      Damage    Failure   Level
 Freeze                   Ice            80%        1d9       3%          1
 Slow                     Hex            80%        N/A       3%          1
 Cigotuvi's Dreadful Rot  Necr/Pois/Air  46%        N/A       4%          2
 Sublimation of Blood     Necr           20%        N/A       5%          2
 Wereblood                Tmut           20%        N/A       5%          2
 Call Canine Familiar     Summ           25%        N/A       7%          3
 Portal Projectile        Hex/Tloc       44%        N/A       9%          3
 Leda's Liquefaction      Hex/Erth       10%        N/A       36%         4
 Summon Hydra             Summ           12%        N/A       100%        7


Dungeon Overview and Level Annotations

Branches:
Dungeon (11/15)            Temple (1/1) D:7            Lair (0/5) D:9
    Orc (0/2) D:11         Bailey (visited)

Altars:
Ashenzari
Cheibriados
Dithmenos
Elyvilon
Fedhas
Gozag
Hepliaklqana
Kikubaaqudgha
Makhleb
Nemelex Xobeh
Okawaru
Qazlal
Ru
Sif Muna
Trog
Uskayaw
Vehumet
Wu Jian
Xom
Yredelemnul
Zin
The Shining One

Shops:
D:8 =   D:11 (*

Annotations:
D:5 1 transporter, sunglassesatnite's ghost, amateur MiBe
D:11 1 runed translucent door, Psyche; arvidsem's ghost, journeyman DECj
Temple 2 transporters


Message History

Confirm with . or Enter, or press ? or * to list all spells.
Aiming: Magic Dart (safe; 1% risk of failure)
Press: ? - help, Shift-Dir - straight line, f/p - Psyche
Aim: Psyche, wielding a +2 dagger of distortion, wearing a +1 robe of willpower and carrying a wand of roots (moderately wounded, confused, ally target, 100% to hit)
The magic dart hits Psyche!
Psyche is heavily wounded.
Psyche hits herself with a +2 dagger of distortion.
Space warps around Psyche.
Your cerulean imp barely misses Psyche.
Casting: Magic Dart (safe; 1% risk of failure)
Confirm with . or Enter, or press ? or * to list all spells.
Aiming: Magic Dart (safe; 1% risk of failure)
Press: ? - help, Shift-Dir - straight line, f/p - Psyche
Aim: Psyche, wielding a +2 dagger of distortion, wearing a +1 robe of willpower and carrying a wand of roots (severely wounded, confused, ally target, 100% to hit)
The magic dart hits Psyche.
Psyche is severely wounded.
Your cerulean imp disappears in a puff of smoke!
Casting: Magic Dart (safe; 1% risk of failure)
Confirm with . or Enter, or press ? or * to list all spells.
Aiming: Mephitic Cloud (safe; 1% risk of failure)
Press: ? - help, Shift-Dir - straight line, f/p - Psyche
Aim: Psyche, wielding a +2 dagger of distortion, wearing a +1 robe of willpower and carrying a wand of roots (severely wounded, confused, chance to affect: 77%)
The ball explodes into a vile cloud!
The stinking cloud engulfs Psyche but does no damage.
Psyche is severely wounded.
Psyche is engulfed in noxious fumes. x2; Psyche appears confused.
Psyche hits you but does no damage.
Unknown command.
You closely miss Psyche.
Psyche is severely wounded.
Psyche is engulfed in noxious fumes.
Psyche barely misses you.
Psyche is engulfed in noxious fumes.
Psyche gestures wildly.
You strike the helpless Psyche from behind!
You hit Psyche.
Psyche is poisoned.
Psyche is severely wounded.
Psyche is engulfed in noxious fumes.
Psyche hits you with a +2 dagger of distortion.
* * * LOW HITPOINT WARNING * * *
Space warps horribly around you!
You die...

#########......#####.######...# #
#......# #.# #...# # #......# #.#
#c..# # #......# #.+ #...#
#########......# #.# #...#
...............# #.# #...#
...............#####.# #...#
.......).........☼.☼.######...###
................@@☼........).....
............#####.#.#...#.###....
.#..........# #....#.#..# ....
.#..........# #.#...∩...# ....
.#..........# #.#..#.#..# ....
.#..).......# #...#.).#.# ....
.#).........# #.........# ....
..)########## ##....##### ####
######


You could see Psyche (confused, very poisoned).

Vanquished Creatures
  2 vault guards (Bailey)
  3 two-headed ogres
  2 manticores (D:11)
  6 kobold demonologists
  A troll (D:10)
  Prince Ribbit (Bailey)
  2 wraiths (D:10)
  5 yaks (D:10)
  2 humans (Bailey)
  4 vampire mosquitoes (D:10)
  An acid dragon (D:8)
  2 sky beasts (D:8)
  7 orc warriors
  2 ice beasts
  2 ogres (D:5)
  4 centaurs
  A phantom (D:6)
  3 kobold brigands
  2 scorpions
  11 bullfrogs
  4 wights (D:8)
  6 killer bees
  A howler monkey (D:10)
  A hound (D:7)
  A jelly (D:5)
  5 orc priests
  Jessica (D:3)
  11 orc wizards
  6 gnolls
  11 adders
  A white imp (D:5)
  2 ufetubi
  2 worms (D:2)
  A dart slug (D:3)
  55 orcs
  6 ball pythons
  4 bats
  5 endoplasms
  3 giant cockroaches
  5 goblins
  4 hobgoblins
  2 jackals (D:2)
  12 kobolds
  3 quokkas
  3 frilled lizards
  7 rats
225 creatures vanquished.

Vanquished Creatures (collateral kills)
  An ice beast (D:6)
  An orc (D:3)
  A kobold (D:10)
3 creatures vanquished.

Grand Total: 228 creatures vanquished

Notes
Turn   | Place    | Note
-------+----------+-------------------------------------------
     0 | D:1      | pokeman the Deep Elf Hedge Wizard began the quest for the
                  | Orb.
     0 | D:1      | Reached XP level 1. HP: 10/10 MP: 7/7
   766 | D:1      | Found a faded altar of an unknown god.
   811 | D:1      | Reached XP level 2. HP: 16/16 MP: 6/9
  1421 | D:2      | Reached skill level 5 in Spellcasting
  1683 | D:2      | Reached XP level 3. HP: 19/20 MP: 7/11
  1687 | D:2      | Learned a level 3 spell: Mephitic Cloud
  1690 | D:2      | Learned a level 2 spell: Call Imp
  1693 | D:2      | Learned a level 2 spell: Blink
  2161 | D:2      | Reached skill level 1 in Fighting
  2238 | D:2      | Reached skill level 1 in Armour
  2579 | D:2      | Reached XP level 4. HP: 25/25 MP: 10/13
  2971 | D:3      | Found a blossoming altar of Fedhas.
  2971 | D:3      | Noticed Jessica
  2976 | D:3      | Killed Jessica
  3010 | D:3      | Found a shimmering blue altar of Sif Muna.
  3010 | D:3      | Found an ancient bone altar of Kikubaaqudgha.
  3011 | D:3      | Found a sparkling altar of Nemelex Xobeh.
  3196 | D:3      | Reached skill level 6 in Spellcasting
  3413 | D:3      | Reached XP level 5. HP: 29/29 MP: 12/15
  5110 | D:4      | You fall into a shaft and drop 2 floors!
  5177 | D:6      | Found a sacrificial altar of Ru.
  5295 | D:6      | Reached skill level 1 in Poison Magic
  5295 | D:6      | Reached skill level 1 in Evocations
  5368 | D:6      | Reached skill level 1 in Air Magic
  5517 | D:6      | Reached XP level 6. HP: 29/34 MP: 6/17
  5637 | D:5      | Entered Level 5 of the Dungeon
  6134 | D:4      | Reached skill level 7 in Spellcasting
  6771 | D:5      | Reached XP level 7. HP: 40/40 MP: 15/20
  6953 | D:5      | Noticed sunglassesatnite's ghost (amateur MiBe)
  6954 | D:5      | Found a transporter.
  7067 | D:5      | Reached skill level 8 in Spellcasting
  7895 | D:6      | Reached skill level 9 in Spellcasting
  8186 | D:6      | Reached XP level 8. HP: 33/44 MP: 16/23
  8286 | D:6      | Reached skill level 5 in Conjurations
  8826 | D:7      | Found a flagged portal.
  8833 | D:7      | Identified the +5 hand axe "Ox" {flame, rCorr}
  8839 | Bailey   | Entered a bailey
  8850 | Bailey   | Reached skill level 10 in Spellcasting
  8990 | Bailey   | Reached skill level 11 in Spellcasting
  9194 | Bailey   | Reached XP level 9. HP: 12/49 MP: 12/26
  9346 | Bailey   | Noticed Prince Ribbit
  9346 | Bailey   | Noticed a vault guard
  9366 | Bailey   | Killed Prince Ribbit
  9371 | Bailey   | Killed a vault guard
  9372 | Bailey   | Reached skill level 12 in Spellcasting
  9488 | Bailey   | Noticed a vault guard
  9516 | Bailey   | Killed a vault guard
  9517 | Bailey   | Reached skill level 13 in Spellcasting
  9917 | D:7      | Found a staircase to the Ecumenical Temple.
  9925 | Temple   | Found a transporter.
  9925 | Temple   | Found a transporter.
  9925 | Temple   | Found a transporter.
  9925 | Temple   | Found a transporter.
  9925 | Temple   | Entered the Ecumenical Temple
  9940 | Temple   | Became a worshipper of Vehumet
 10110 | D:7      | Reached XP level 10. HP: 52/58 MP: 26/29
 10335 | D:8      | Found a transporter.
 10337 | D:8      | Found a transporter.
 10376 | D:8      | Found a transporter.
 10382 | D:8      | Found a transporter.
 10729 | D:8      | Found a transporter.
 10793 | D:8      | Reached skill level 14 in Spellcasting
 10875 | D:8      | Found a transporter.
 10890 | D:8      | Found Gojun's Jewellery Shop.
 11269 | D:9      | Noticed a two-headed ogre
 11302 | D:9      | Killed a two-headed ogre
 11641 | D:9      | Identified the +5 quarterstaff of the Muttering Seeker
                  | {distort, rN+ Int+3}
 11653 | D:9      | Reached * piety under Vehumet
 11653 | D:9      | Offered knowledge of Freeze by Vehumet.
 11941 | D:9      | Found a staircase to the Lair.
 12080 | D:10     | Entered Level 10 of the Dungeon
 12146 | D:10     | Reached skill level 15 in Spellcasting
 12297 | D:10     | Noticed a rust devil
 12299 | D:10     | Noticed a sun demon
 12375 | D:9      | Reached skill level 5 in Armour
 12413 | D:10     | Noticed an orange demon
 12543 | D:10     | Upgraded the game from 0.31-a0-523-g071a6c1ffa to
                  | 0.31-a0-532-g28f74ba3e5
 12853 | D:10     | Noticed a two-headed ogre
 12860 | D:10     | Killed a two-headed ogre
 12861 | D:10     | Reached XP level 11. HP: 53/62 MP: 26/32
 12958 | D:10     | Reached skill level 16 in Spellcasting
 13264 | D:10     | Reached skill level 5 in Fighting
 13629 | D:11     | Found a runed translucent door.
 13630 | D:11     | Noticed a white ugly thing
 13630 | D:11     | Noticed arvidsem's ghost (journeyman DECj)
 13634 | D:11     | Found Sumur's Weapon Emporium.
 13634 | D:11     | Identified the +4 dagger of the Heavens {heavy, rElec rC-
                  | rCorr Int+2}
 13973 | D:11     | Found a staircase to the Orcish Mines.
 14023 | D:11     | Noticed a rakshasa
 14250 | D:11     | Found Ecujububb's Assorted Antiques.
 14257 | D:11     | Bought a scroll labelled YMARIZ CUSHYS for 34 gold pieces
 14257 | D:11     | Bought a scroll labelled JOKLOT VULU for 34 gold pieces
 14257 | D:11     | Bought a scroll labelled ORGHIA NAFRUM for 34 gold pieces
 14257 | D:11     | Bought an emerald potion for 30 gold pieces
 14261 | D:11     | Noticed a two-headed ogre
 14265 | D:11     | Identified the +6 hand axe of Ros Kus {pain, rF+ Will+
                  | Int+3}
 14265 | D:11     | Noticed Psyche
 14289 | D:11     | Killed a two-headed ogre
 14289 | D:11     | Reached ** piety under Vehumet
 14290 | D:11     | Reached skill level 10 in Conjurations
 14300 | D:11     | Mangled by Psyche

Illustrated notes

Levels and vault maps discovered:
D:1:      dpeg_chamrin_arrival_tetris, layout_basic,
          chequers_ecumenical_altar_simple_redux
D:2:      layout_basic, chequers_serial_rivers_micro_e,
          nicolae_figureground_sparkle
D:3:      layout_loops_ring, chequers_temple_overflow_statue_of_worship,
          minmay_statues_item, kennysheep_path_1,
          hangedman_decor_clover_reticule, uniq_jessica
D:4:      layout_basic, grunt_decor_mini_mirrors
D:5:      layout_basic, serial_co_window_serial, co_window_paths_a,
          co_window_paths_a, co_window_paths_b, co_window_paths_b,
          co_window_paths_a, co_window_of_opportunity_a,
          co_window_of_opportunity_a, co_window_paths_a,
          co_window_of_opportunity_a, co_window_paths_c, co_window_corner_b,
          co_window_broadway_c, gammafunk_ghost_smash
D:6:      layout_basic, nicolae_ru_sacrificial_ziggurat
D:7:      layout_rooms, minmay_temple_entry_wispy, enter_bailey_2,
          minmay_misc_feat_x
D:8:      layout_gridville, serial_shops, shop, serial_nicolae_subway,
          nicolae_sub_station_metal, nicolae_sub_station_stone,
          nicolae_sub_station_crystal
D:9:      layout_loops_cross, lair_entry_dummy
D:10:     layout_rooms, kennysheep_generic_room_11
D:11:     minmay_opposing_rooms, layout_irregular_city, orc_david_3,
          serial_shops, nicolae_shop_advertising_works
          [nicolae_subvault_shop_adworks], ebering_ghost_inner_flame,
          minivault_26, grunt_qazlal_sundering, uniq_psyche
Temple:   hellmonk_temple_divided_pantheon

Skill      XL: |  1  2  3  4  5  6  7  8  9 10 11 |
---------------+----------------------------------+-----
Spellcasting   | 5 6 7 9 11 13 15 16 | 16.9
Conjurations   | 2 3 4 6 7 9 10 | 10.0
Fighting       | 1 2 4 5 |  5.4
Armour         | 1 2 3 5 |  5.0
Stealth        | 3 |  3.0
Dodging        | 3 |  3.0
Poison Magic   | 1 |  1.0
Evocations     | 1 |  1.0
Air Magic      | 1 |  1.0
Summonings     | |  1.1
Translocations | |  1.1

Action                     |  1- 3 |  4- 6 |  7- 9 | 10-12 || total
---------------------------+-------+-------+-------+-------++-------
  Melee: Dagger            |     8 |    19 |       |       ||    27
         Flail             |       |    24 |   116 |   188 ||   328
         Punch             |       |       |     1 |     3 ||     4
         Hand axe          |       |       |       |    42 ||    42
   Cast: Magic Dart        |   130 |   107 |    98 |   125 ||   460
         Blink             |       |    59 |     2 |     9 ||    70
         Mephitic Cloud    |       |     7 |    28 |    49 ||    84
         Call Imp          |       |     1 |     2 |    19 ||    22
  Evoke: Wand              |       |       |       |    25 ||    25
   Stab: Confused          |       |     3 |    18 |    27 ||    48
         Sleeping          |       |     1 |       |       ||     1
         Distracted        |       |       |       |     1 ||     1
 Armour: Robe              |     7 |    13 |    55 |     1 ||    76
         Leather armour    |       |       |       |   141 ||   141
  Dodge: Dodged            |    20 |    43 |   128 |   216 ||   407

Table legend: (Time is in decaauts)
 A = Elapsed time spent in this place.
 B = Non-inter-level travel time spent in this place.
 C = Inter-level travel time spent in this place.
 D = Time resting spent in this place.
 E = Time spent auto-exploring this place.
 F = Levels seen in this place.
 G = Mean time per level.
                   A        B        C        D        E       F      G
               +--------+--------+--------+--------+--------+-----+--------+
         Total |  14483 |  13907 |    576 |   1156 |   9963 |  13 | 1114.1 |
       Dungeon |  13679 |  13103 |    576 |   1017 |   9507 |  11 | 1243.5 |
        Temple |     30 |     30 |      0 |      0 |      0 |   1 |   30.0 |
        Bailey |    773 |    773 |      0 |    139 |    456 |   1 |  773.0 |
               +--------+--------+--------+--------+--------+-----+--------+

Top non-repeatable levels by time:
     D:3: 2000 daAuts
     D:2: 1709 daAuts
    D:10: 1558 daAuts
     D:6: 1393 daAuts
     D:5: 1339 daAuts
     D:1: 1183 daAuts
     D:9: 1181 daAuts
     D:4: 1140 daAuts
     D:8: 1004 daAuts
  Bailey: 773 daAuts
     D:7: 714 daAuts
    D:11: 452 daAuts
  Temple: 30 daAuts
